 Dungeon Crawl Stone Soup version 0.28-a0-1387-g3a22ab9bdc (webtiles) character file.

Game seed: 1738388676073989119

862 porpoise the Insei (level 8, 0/56 HPs)
             Began as an Octopode Transmuter on Jan 3, 2022.
             Slain by an orc (4 damage)
             ... on level 6 of the Dungeon.
             The game lasted 00:21:34 (7253 turns).

porpoise the Insei (Octopode Transmuter)            Turns: 7253, Time: 00:21:35

Health: 0/56       AC:  1    Str: 11    XL:     8   Next: 2%
Magic:  9/11       EV: 13    Int: 16    God:
Gold:   315        SH:  0    Dex: 12    Spells: 8/11 levels left

rFire   . . .      SeeInvis .   b - +3 mace (protect)
rCold   . . .      Faith    .   (no shield)
rNeg    . . .      Spirit   .   (helmet currently unavailable)
rPois   .          Reflect  .   (no amulet)
rElec   .          Harm     .   (no ring)
rCorr   .          Rampage  .   (no ring)
Will    .....                   (no ring)
Stlth   ++++......              (no ring)
HPRegen 0.18/turn               (no ring)
MPRegen 0.12/turn               (no ring)
                                (no ring)
                                (no ring)

@: appendages (expiring), wereblooded
A: tentacle spike 3, almost no armour, amphibious, 8 rings, camouflage 1,
gelatinous body 1, (nimble swimmer 1), tentacles
a: End Transformation


You were on level 6 of the Dungeon.
One of your tentacles had grown a beastly spike.
You visited 1 branch of the dungeon, and saw 6 of its levels.

You collected 315 gold pieces.

Inventory:

Hand Weapons
 b - a +3 mace of protection (weapon)
 r - a +2 hand axe of venom
 w - a +0 dagger of flaming
Missiles
 h - 139 stones
 k - 22 arrows
 l - 45 bolts
Magical Staves
 p - a staff of cold
Jewellery
 e - an amulet of faith
Scrolls
 i - a scroll of noise
 m - a scroll of blinking {unknown}
 n - a scroll of acquirement {unknown}
 o - a scroll of fog {unknown}
Potions
 a - 2 potions of mutation
 c - 2 potions of lignification
 d - a potion of heal wounds
 f - a potion of cancellation
 g - a potion of attraction
 j - 3 potions of curing
 q - a potion of flight {unknown}


   Skills:
 * Level 5.5 Fighting
 - Level 2.0 Dodging
 + Level 5.3 Stealth
 * Level 6.2 Unarmed Combat
 - Level 2.0 Spellcasting
 - Level 2.0 Transmutations


You had 8 spell levels left.
You knew the following spells:

 Your Spells              Type           Power      Damage    Failure   Level
a - Beastly Appendage     Tmut           16%        N/A       9%          1
b - Wereblood             Tmut           8%         N/A       14%         2

Your spell library contained the following spells:

 Spells                   Type           Power      Damage    Failure   Level
 Animate Skeleton         Necr           2%         N/A       21%         1
 Apportation              Tloc           2%         N/A       21%         1
 Magic Dart               Conj           4%         1d3       21%         1
 Summon Small Mammal      Summ           4%         N/A       21%         1
 Call Imp                 Summ           1%         N/A       30%         2
 Spider Form              Tmut/Pois      4%         N/A       38%         3
 Mephitic Cloud           Conj/Pois/Air  1%         N/A       52%         3
 Ice Form                 Ice/Tmut       4%         N/A       80%         4


Dungeon Overview and Level Annotations

Branches:
Dungeon (6/15)             Temple (0/1) D:6

Altars:
Okawaru

Shops:
D:2 [   D:3 :

Annotations:
D:5 bear


Innate Abilities, Weirdness & Mutations

One of your tentacles has grown a beastly spike.
You cannot wear most types of armour.
You are amphibious.
You can wear up to eight rings at the same time.
Your skin changes colour to match your surroundings (Stealth+).
Your rubbery body absorbs attacks. (AC +1, EV +1)
((You are camouflaged when in or above water. (Stealth+)))
You have tentacles for arms and can constrict up to eight enemies at once.


Message History

Reactivating autopickup.
The shadow slips into darkness.
The shadow flickers and vanishes!
Deactivating autopickup; reactivate with Ctrl-A.
You barely miss something.
Your transformation is almost over.
The shadow strikes at you from the darkness!
* * * LOW HITPOINT WARNING * * *
Reactivating autopickup.
The orc wizard closely misses you.
You barely miss the orc wizard. You grab the orc wizard.
You pierce the orc wizard.
You squeeze the orc wizard, but do no damage.
The orc wizard is lightly wounded.
You constrict the orc wizard. The orc hits you with a +0 flail.
* * * LOW HITPOINT WARNING * * *
The shadow closely misses you.
The orc wizard hits you but does no damage.
You feel much better.
You constrict the orc wizard. The shadow misses you.
The orc closely misses you. The orc wizard barely misses you.
The orc hits you with a +0 dagger.
You hit the orc wizard.
Your weapon exudes an aura of protection.
You pierce the orc wizard!
You feel a bit better.
You kill the orc wizard!
The shadow barely misses you. The orc hits you with a +0 flail.
The orc barely misses you. The shadow closely misses you.
You have reached level 8!
You closely miss the shadow.
Your tentacle spike misses the shadow.
The shadow is moderately damaged.
The orc closely misses you. The shadow barely misses you.
The orc hits you with a +0 flail. The orc hits you but does no damage.
You closely miss the orc. You grab the orc. You constrict the orc.
The orc hits you with a +0 flail. The shadow hits you.
* * * LOW HITPOINT WARNING * * *
The orc closely misses you. The orc misses you. The orc closely misses you.
The shadow hits you!
* * * LOW HITPOINT WARNING * * *
The orc hits you with a +0 flail.
You die...

#.# .. #.# .. # #.###
#. ...######
#.#######Wo......
...#....@o# ##
###.#.####o......
...# ###.....#
.#.!... #...#<#.#.#.#
.. ....
#.......#.#.###..#$
.>.
#####...............
..
..........#####..#...
. ########### ......


You could see a shadow and 3 orcs.

Vanquished Creatures
  Menkaure (D:4)
  A necrophage (D:5)
  A howler monkey (D:4)
  A centaur skeleton (D:4)
  4 orc priests
  2 iguanas
  5 orc wizards
  Natasha (thrice) (D:2)
  7 gnolls (D:2)
  6 adders
  A shadow imp (D:4)
  5 dart slugs
  8 orcs
  3 ball pythons
  4 bats
  7 endoplasms
  3 giant cockroaches
  7 hobgoblins
  5 kobolds
  5 quokkas
  2 frilled lizards
  8 goblins
  8 rats
97 creatures vanquished.

Notes
Turn   | Place    | Note
-------+----------+-------------------------------------------
     0 | D:1      | porpoise the Octopode Transmuter began the quest for the
                  | Orb.
     0 | D:1      | Reached XP level 1. HP: 13/13 MP: 3/3
   690 | D:1      | Reached XP level 2. HP: 18/18 MP: 3/5
   739 | D:1      | Reached skill level 1 in Stealth
   983 | D:1      | Learned a level 2 spell: Wereblood
  1641 | D:2      | Reached XP level 3. HP: 14/24 MP: 4/6
  1842 | D:2      | Noticed Natasha
  1847 | D:2      | Killed Natasha
  1888 | D:2      | You fall into a shaft and drop 1 floor!
  1905 | D:3      | Found a faded altar of an unknown god.
  2263 | D:2      | Found Soew's Antique Armour Boutique.
  2269 | D:2      | Reached XP level 4. HP: 29/30 MP: 5/7
  2283 | D:2      | Reached skill level 4 in Unarmed Combat
  2871 | D:2      | Reached XP level 5. HP: 36/36 MP: 4/8
  3589 | D:2      | Noticed Natasha
  3594 | D:2      | Killed Natasha
  3728 | D:2      | Noticed Natasha
  3734 | D:2      | Killed Natasha
  3803 | D:2      | Reached XP level 6. HP: 38/42 MP: 7/9
  4274 | D:3      | Reached skill level 5 in Unarmed Combat
  4590 | D:3      | Found Wis Zey's Book Emporium.
  5096 | D:4      | Reached XP level 7. HP: 43/49 MP: 7/10
  5176 | D:4      | Noticed Menkaure
  5187 | D:4      | Killed Menkaure
  6271 | D:4      | Reached skill level 5 in Fighting
  6364 | D:5      | Entered Level 5 of the Dungeon
  6435 | D:5      | Reached skill level 5 in Stealth
  6435 | D:5      | Reached skill level 6 in Unarmed Combat
  6724 | D:5      | Found an iron altar of Okawaru.
  7239 | D:6      | Found a staircase to the Ecumenical Temple.
  7240 | D:6      | Noticed a shadow
  7252 | D:6      | Reached XP level 8. HP: 28/56 MP: 8/11
  7253 | D:6      | Slain by an orc

Illustrated notes

Levels and vault maps discovered:
D:1:      saegor_arrival_fortress, layout_loops_ring
D:2:      layout_basic, serial_shops, shop, uniq_natasha
D:3:      cheibrodos_pilgrimage, layout_rooms, nicolae_ecumenical_pavilion,
          serial_shops, shop_coins, nrook_uturn, minmay_pentomino_pile
D:4:      layout_loops_ring, chequers_avenue, dk_noncrumbling_2, uniq_menkaure
D:5:      layout_basic, okawaru_trees_1
D:6:      layout_basic, minmay_temple_entry_glass

Skill      XL: |  1  2  3  4  5  6  7 |
---------------+----------------------+-----
Stealth        | 1 2 3 4 5 |  5.3
Fighting       | 2 3 4 5 |  5.5
Unarmed Combat | 4 5 6 |  6.2
Dodging        | |  2.0
Spellcasting   | |  2.0
Transmutations | |  2.0

Action                   |  1- 3 |  4- 6 |  7- 9 || total
-------------------------+-------+-------+-------++-------
Melee: Unarmed           |    37 |       |       ||    37
       Constrict         |    12 |    23 |    11 ||    46
       Kick              |     7 |    12 |     8 ||    27
       Mace              |     9 |    82 |    46 ||   137
       Dagger            |     4 |     9 |     1 ||    14
       Tentacles         |     3 |     9 |     8 ||    20
       Punch             |     1 |     3 |     1 ||     5
 Cast: Beastly Appendage |    16 |    24 |    11 ||    51
       Wereblood         |       |     5 |     4 ||     9
  Use: Scroll            |       |     4 |     2 ||     6
       Potion            |       |       |     2 ||     2
 Stab: Sleeping          |     3 |    11 |     2 ||    16
Armor: Skin              |     3 |    24 |    11 ||    38
Dodge: Dodged            |    23 |    38 |    29 ||    90

Table legend: (Time is in decaauts)
 A = Elapsed time spent in this place.
 B = Non-inter-level travel time spent in this place.
 C = Inter-level travel time spent in this place.
 D = Time resting spent in this place.
 E = Time spent auto-exploring this place.
 F = Levels seen in this place.
 G = Mean time per level.
                   A        B        C        D        E       F      G
               +--------+--------+--------+--------+--------+-----+--------+
         Total |   7301 |   7180 |    121 |   3578 |   2523 |   6 | 1216.8 |
       Dungeon |   7301 |   7180 |    121 |   3578 |   2523 |   6 | 1216.8 |
               +--------+--------+--------+--------+--------+-----+--------+

Top non-repeatable levels by time:
     D:2: 2474 daAuts
     D:1: 1612 daAuts
     D:4: 1430 daAuts
     D:3: 884 daAuts
     D:5: 868 daAuts
     D:6: 31 daAuts
